 Dungeon Crawl Stone Soup version 0.28.0-45-g0d030f2227 (webtiles) character file.

Game seed: 3038041152002587400

2689 Ablot the Magician (level 9, -23/71 HPs)
             Began as a Gnoll Warper on Apr 9, 2022.
             Annihilated by a cyclops (27 damage)
             ... on level 6 of the Dungeon.
             The game lasted 00:10:09 (7357 turns).

Ablot the Magician (Gnoll Warper)                   Turns: 7357, Time: 00:10:10

Health: -23/71     AC:  8    Str: 22    XL:     9   Next: 64%
Magic:  19/19      EV: 13    Int: 18    God:
Gold:   274        SH:  0    Dex: 13    Spells: 16/21 levels left

rFire   + + .      SeeInvis .   d - +3 dagger (venom)
rCold   + . .      Faith    .   (no shield)
rNeg    . . .      Spirit   .   z - +1 ring mail "Seoczuad" {Drain rF++ rC+ Dex+2}
rPois   .          Reflect  .   (no helmet)
rElec   .          Harm     .   (no cloak)
rCorr   .          Rampage  .   (no gloves)
Will    .....                   p - +0 pair of boots
Stlth   ++........              (no amulet)
HPRegen 0.21/turn               A - +6 ring of strength
MPRegen 0.16/turn               v - +6 ring of intelligence

@: no status effects
A: fangs 1, strong nose, distributed training
a: no special abilities


You were on level 6 of the Dungeon.
You visited 1 branch of the dungeon, and saw 6 of its levels.

You collected 286 gold pieces.
You spent 12 gold pieces at shops.

Inventory:

Hand Weapons
 a - a +0 trident
 d - a +3 dagger of venom (weapon)
 n - a +1 vorpal war axe
 u - a +0 hand crossbow
Missiles
 i - 71 bolts
 j - 101 arrows
 l - 168 stones
 o - 2 curare-tipped darts
 r - 5 boomerangs of dispersal
 t - 66 sling bullets
 E - 5 poisoned darts (quivered)
Armour
 p - a +0 pair of boots (worn)
 z - the +1 ring mail "Seoczuad" (worn) {Drain rF++ rC+ Dex+2}
   (You found it on level 4 of the Dungeon)

   Dex:       It affects your dexterity (+2).
   rF:        It greatly protects you from fire.
   rC:        It protects you from cold.
   Drain:     It drains your maximum health when unequipped.
Jewellery
 g - a ring of poison resistance
 v - a +6 ring of intelligence (right hand)
 A - a +6 ring of strength (left hand)
 D - a ring of wizardry
Wands
 B - a wand of polymorph (4)
 C - a wand of acid (9)
 I - a wand of iceblast (14)
Scrolls
 b - a scroll of fear {unknown}
 c - 2 scrolls of blinking
 e - 8 scrolls of identify {unknown}
 h - a scroll of vulnerability {unknown}
 q - a scroll of enchant armour {unknown}
 y - 2 scrolls of teleportation
 F - a scroll of amnesia {unknown}
 G - a scroll of magic mapping {unknown}
Potions
 f - 3 potions of flight {unknown}
 k - 2 potions of curing {unknown}
 m - 2 potions of brilliance {unknown}
 s - 2 potions of attraction {unknown}
 w - a potion of invisibility {unknown}
 x - a potion of might {unknown}
 H - a potion of degeneration {unknown}
 J - a potion of lignification {unknown}


   Skills:
 + Level 6.4 Fighting
 + Level 4.4 Short Blades
 + Level 4.4 Long Blades
 + Level 4.4 Axes
 + Level 4.4 Maces & Flails
 + Level 6.4 Polearms
 + Level 4.4 Staves
 + Level 4.4 Slings
 + Level 4.4 Bows
 + Level 4.4 Crossbows
 + Level 5.2 Throwing
 + Level 5.2 Armour
 + Level 6.4 Dodging
 + Level 4.4 Stealth
 + Level 4.4 Shields
 + Level 4.4 Unarmed Combat
 + Level 6.8 Spellcasting
 + Level 3.6 Conjurations
 + Level 3.6 Hexes
 + Level 3.6 Summonings
 + Level 3.6 Necromancy
 + Level 6.6 Translocations
 + Level 3.6 Transmutations
 + Level 3.6 Fire Magic
 + Level 3.6 Ice Magic
 + Level 3.6 Air Magic
 + Level 3.6 Earth Magic
 + Level 3.6 Poison Magic
 + Level 4.9 Invocations
 + Level 4.4 Evocations


You had 16 spell levels left.
You knew the following spells:

 Your Spells              Type           Power      Damage    Failure   Level
a - Blink                 Tloc           60%        N/A       1%          2
b - Gell's Gravitas       Tloc           30%        N/A       3%          3

Your spell library contained the following spells:

 Spells                   Type           Power      Damage    Failure   Level
 Foxfire                  Conj/Fire      76%        2x1d7     3%          1
 Lesser Beckoning         Tloc           30%        N/A       3%          3
 Teleport Other           Tloc           30%        N/A       3%          3
 Confusing Touch          Hex            19%        N/A       12%         3
 Conjure Flame            Conj/Fire      19%        6-21      12%         3
 Inner Flame              Hex/Fire       19%        N/A       12%         3
 Manifold Assault         Tloc           30%        N/A       30%         5
 Flame Wave               Conj/Fire      19%        2d6       36%         4
 Yara's Violent Unravell  Hex/Tmut       9%         3d6       71%         5
 Enfeeble                 Hex            9%         N/A       100%        7


Dungeon Overview and Level Annotations

Branches:
Dungeon (6/15)
 Temple: D:4-7

Altars:

Shops:
D:1 :   D:2 (

Portals:
Abyss: D:5

Annotations:
D:5 2 transporters, Vogrul's ghost, novice HOFi


Innate Abilities, Weirdness & Mutations

You have very sharp teeth.
Your uncanny sense of smell can sniff out nearby items.
Your experience applies equally to all skills.


Message History

You kill the orc!
No target in view!
No target in view!
You see here a +0 trident.
Found a stone staircase leading down.
A cyclops comes into view.
The cyclops shouts!
Throw: 6 darts (poison)
Press: ? - help, Q - select action, (/) - cycle Shift-Dir - straight line, f - cyclops
Aim: a cyclops, quivering large rocks (87% to hit)
You throw a poisoned dart.
The poisoned dart barely misses the cyclops.
Unknown command.
The cyclops throws a large rock.
The large rock barely misses you.
You hit the cyclops but do no damage. The cyclops hits you!
You barely miss the cyclops. You hit the cyclops.
The cyclops is poisoned.
You bite the cyclops, but do no damage.
The cyclops is lightly wounded.
The cyclops hits you!!
You barely miss the cyclops.
The cyclops is lightly wounded.
You hit the cyclops.
The cyclops looks as sick as possible!
The cyclops is lightly wounded.
The cyclops hits you.
You hit the cyclops.
The cyclops looks as sick as possible!
The cyclops is lightly wounded.
You puncture the cyclops!
The cyclops looks as sick as possible!
The cyclops is moderately wounded.
The cyclops barely misses you.
You hit the cyclops but do no damage.
The cyclops looks as sick as possible!
The cyclops is moderately wounded.
The cyclops hits you!!
* * * LOW HITPOINT WARNING * * *
You hit the cyclops.
The cyclops is heavily wounded.
You puncture the cyclops!
The cyclops looks as sick as possible!
The cyclops is severely wounded.
The cyclops hits you!!
You die...

.......<#............#
........#......)...###
........#..........#
........#..........#
............>......#
.......#...........#
............# #
#..........#
#.####...###@.##
.......## ##C##
(C..... ####..######
....>..###...)......#
....................#
.......###..........#
......# #..........#
###.## ############ #


You could see a cyclops (extremely poisoned).

Vanquished Creatures
  Eustachio (D:4)
  7 yaks
  A water moccasin (D:6)
  A black bear (D:5)
  2 necrophages
  4 ogres
  Blork the orc (D:6)
  2 bullfrogs
  3 scorpions
  A bullfrog skeleton (D:4)
  2 hounds
  A centaur skeleton (D:4)
  A scorpion zombie (D:5)
  An iguana (D:4)
  An orc wizard (D:6)
  2 hound skeletons (D:4)
  8 gnolls
  6 adders
  A white imp (D:6)
  An adder skeleton (D:4)
  A worm (D:3)
  2 dart slugs
  7 orcs
  6 ball pythons
  5 bats
  7 endoplasms
  3 giant cockroaches
  15 goblins
  8 hobgoblins
  5 jackals
  3 kobolds
  3 quokkas
  6 frilled lizards
  6 rats
124 creatures vanquished.

Notes
Turn   | Place    | Note
-------+----------+-------------------------------------------
     0 | D:1      | Ablot the Gnoll Warper began the quest for the Orb.
     0 | D:1      | Reached XP level 1. HP: 20/20 MP: 6/6
    97 | D:1      | Found a faded altar of an unknown god.
   194 | D:1      | Reached XP level 2. HP: 26/26 MP: 7/7
   197 | D:1      | Learned a level 2 spell: Blink
   268 | D:1      | Found Evvaiton's Book Shop.
  1179 | D:2      | Reached XP level 3. HP: 31/31 MP: 9/9
  1325 | D:2      | Reached skill level 5 in Spellcasting
  1381 | D:2      | Found Peumoism's Weapon Emporium.
  1385 | D:2      | Bought 2 curare-tipped darts for 12 gold pieces
  1427 | D:2      | Reached skill level 1 in Invocations
  1888 | D:2      | Reached skill level 1 in Short Blades
  1888 | D:2      | Reached skill level 1 in Long Blades
  1888 | D:2      | Reached skill level 1 in Axes
  1888 | D:2      | Reached skill level 1 in Maces & Flails
  1888 | D:2      | Reached skill level 1 in Staves
  1888 | D:2      | Reached skill level 1 in Slings
  1888 | D:2      | Reached skill level 1 in Bows
  1888 | D:2      | Reached skill level 1 in Crossbows
  1888 | D:2      | Reached skill level 1 in Stealth
  1888 | D:2      | Reached skill level 1 in Shields
  1888 | D:2      | Reached skill level 1 in Unarmed Combat
  1888 | D:2      | Reached skill level 1 in Evocations
  1965 | D:3      | Reached XP level 4. HP: 22/38 MP: 11/11
  2343 | D:3      | Reached skill level 1 in Conjurations
  2343 | D:3      | Reached skill level 1 in Hexes
  2343 | D:3      | Reached skill level 1 in Summonings
  2343 | D:3      | Reached skill level 1 in Necromancy
  2343 | D:3      | Reached skill level 1 in Transmutations
  2343 | D:3      | Reached skill level 1 in Fire Magic
  2343 | D:3      | Reached skill level 1 in Ice Magic
  2343 | D:3      | Reached skill level 1 in Air Magic
  2343 | D:3      | Reached skill level 1 in Earth Magic
  2343 | D:3      | Reached skill level 1 in Poison Magic
  3090 | D:4      | Reached XP level 5. HP: 36/43 MP: 12/12
  3187 | D:4      | Noticed an ogre
  3200 | D:4      | Killed an ogre
  3588 | D:4      | Noticed an ogre
  3593 | D:4      | Killed an ogre
  3594 | D:4      | Reached skill level 5 in Fighting
  3594 | D:4      | Reached skill level 5 in Polearms
  3594 | D:4      | Reached skill level 5 in Dodging
  3594 | D:4      | Reached XP level 6. HP: 51/51 MP: 14/14
  3625 | D:4      | Identified the +1 ring mail "Seoczuad" {Drain rF++ rC+
                  | Dex+2}
  3813 | D:4      | Noticed a necrophage
  3828 | D:4      | Killed a necrophage
  3875 | D:4      | Noticed Eustachio
  3884 | D:4      | Killed Eustachio
  3885 | D:4      | Reached XP level 7. HP: 51/56 MP: 15/15
  4107 | D:4      | Noticed a yak
  4109 | D:4      | Noticed a yak
  4120 | D:4      | Noticed a yak
  4135 | D:4      | Noticed a yak
  4144 | D:4      | Killed a yak
  4160 | D:4      | Killed a yak
  4161 | D:4      | Reached XP level 8. HP: 34/63 MP: 16/16
  4168 | D:4      | Killed a yak
  4188 | D:4      | Killed a yak
  4990 | D:5      | Entered Level 5 of the Dungeon
  5146 | D:5      | Learned a level 3 spell: Gell's Gravitas
  5238 | D:5      | Found a transporter.
  5241 | D:5      | Noticed an ancient zyme
  5252 | D:5      | Noticed a yak
  5300 | D:5      | Reached XP level 9. HP: 46/68 MP: 18/18
  5500 | D:5      | Found a one-way gate to the infinite horrors of the Abyss.
  5500 | D:5      | Noticed Vogrul's ghost (novice HOFi)
  5974 | D:5      | Found a transporter.
  6166 | D:5      | Reached skill level 5 in Throwing
  6166 | D:5      | Reached skill level 5 in Armour
  6939 | D:6      | Noticed Blork the orc
  6949 | D:6      | Killed Blork the orc
  7326 | D:6      | Noticed a cyclops
  7357 | D:6      | Annihilated by a cyclops

Illustrated notes

Levels and vault maps discovered:
D:1:      minmay_arrival_cross, layout_basic,
          hellmonk_ecumenical_altar_crossroads, serial_shops, shop
D:2:      layout_loops_ring, serial_shops, shop
D:3:      kennysheep_the_goblin_king, layout_basic, st_stairs_9, nrook_uturn
D:4:      minmay_octagon_keep, layout_loops_corners, uniq_eustachio
D:5:      layout_layer_cave, gammafunk_ghost_abyssal_escape, hex_medium
D:6:      layout_rooms, minmay_temple_entry_grid, serial_glass, glass_columns_a,
          glass_columns_b, minmay_splitting_lines, lemuel_flamethrower_1,
          uniq_blork_the_orc

Skill      XL: |  1  2  3  4  5  6  7  8  9 |
---------------+----------------------------+-----
Spellcasting   | 5 6 |  6.8
Invocations    | 1 2 3 4 |  4.9
Short Blades   | 1 2 3 4 |  4.4
Long Blades    | 1 2 3 4 |  4.4
Axes           | 1 2 3 4 |  4.4
Maces & Flails | 1 2 3 4 |  4.4
Staves         | 1 2 3 4 |  4.4
Slings         | 1 2 3 4 |  4.4
Bows           | 1 2 3 4 |  4.4
Crossbows      | 1 2 3 4 |  4.4
Stealth        | 1 2 3 4 |  4.4
Shields        | 1 2 3 4 |  4.4
Unarmed Combat | 1 2 3 4 |  4.4
Evocations     | 1 2 3 4 |  4.4
Conjurations   | 1 2 3 |  3.6
Hexes          | 1 2 3 |  3.6
Summonings     | 1 2 3 |  3.6
Necromancy     | 1 2 3 |  3.6
Transmutations | 1 2 3 |  3.6
Fire Magic     | 1 2 3 |  3.6
Ice Magic      | 1 2 3 |  3.6
Air Magic      | 1 2 3 |  3.6
Earth Magic    | 1 2 3 |  3.6
Poison Magic   | 1 2 3 |  3.6
Throwing       | 3 4 5 |  5.2
Armour         | 3 4 5 |  5.2
Fighting       | 5 6 |  6.4
Polearms       | 5 6 |  6.4
Dodging        | 5 6 |  6.4
Translocations | 6 |  6.6

Action                   |  1- 3 |  4- 6 |  7- 9 || total
-------------------------+-------+-------+-------++-------
Melee: Spear             |   160 |    86 |       ||   246
       Bite              |     8 |     6 |    37 ||    51
       Dagger            |       |    49 |   287 ||   336
       Punch             |       |     2 |     7 ||     9
       Trident           |       |       |    13 ||    13
Throw: Dart              |       |     3 |     4 ||     7
 Stab: Sleeping          |     1 |       |       ||     1
Armor: Leather armour    |    29 |    31 |       ||    60
       Ring mail         |       |    16 |    65 ||    81
Dodge: Dodged            |    68 |    95 |   167 ||   330
